 Dungeon Crawl Stone Soup version 0.21-a0-583-g2c32b0f (webtiles) character file.

201 Lasiace the Chiller (level 5, -1/38 HPs)
             Began as a Demigod Ice Elementalist on Dec 19, 2017.
             Slain by a big kobold
             ... wielding a +0 whip
              (5 damage)
             ... in a sewer.
             The game lasted 00:15:43 (3437 turns).

Lasiace the Chiller (Demigod Ice Elementalist)      Turns: 3437, Time: 00:15:43

Health: -1/38      AC:  4    Str:  8 (11) XL:     5   Next: 25%
Magic:  8/12       EV: 12    Int: 19 (21) God:
Gold:   103        SH:  0    Dex: 14 (16) Spells: 5/9 levels left

rFire    . . .     SeeInvis .   a - +1 dagger (speed)
rCold    . . .     Gourm    .   (no shield)
rNeg     . . .     Faith    .   d - +0 robe
rPois    .         Spirit   .   D - +0 helmet
rElec    .         Reflect  .   (no cloak)
rCorr    .         Harm     .   s - +0 pair of gloves (curse)
MR       .....                  (no boots)
Stlth    +++.......             (no amulet)
HPRegen  0.12/turn              I - ring of stealth
MPRegen  0.13/turn              (no ring)

@: lethally poisoned (-1 -> -4), slowed, very slow
A: high mp 1
a: no special abilities


You were in a sewer.
You were not hungry.

You visited 1 branch of the dungeon, and saw 3 of its levels.
You also visited: Sewer.

You collected 103 gold pieces.

Inventory:

Hand Weapons
 a - a +1 dagger of speed (weapon)
Missiles
 e - 55 stones (quivered) {@Q0 @f0}
Armour
 d - a +0 robe (worn)
 s - a cursed +0 pair of gloves (worn)
 D - a +0 helmet (worn)
Jewellery
 I - a ring of stealth (left hand)
 O - an uncursed amulet of faith {unknown}
Wands
 m - a wand of iceblast (10)
 n - a wand of paralysis (11)
Scrolls
 b - a scroll of magic mapping {unknown}
 g - a scroll of immolation {unknown}
 h - 3 scrolls of remove curse {unknown}
 i - 6 scrolls of identify {unknown}
 o - a scroll of fog {unknown}
 p - a scroll of noise {unknown}
Potions
 f - a potion of degeneration
 k - 2 potions of curing {unknown}
 l - a potion of mutation {unknown}
Books
 B - a book of Frost

   Spells                             Type                      Level
   a - Freeze                         Ice                          1
   b - Throw Frost                    Conjuration/Ice              2
   c - Ozocubu's Armour               Charms/Ice                   3
   d - Throw Icicle                   Conjuration/Ice              4
   e - Summon Ice Beast               Ice/Summoning                4
Comestibles
 c - 3 rations
 j - a chunk of flesh


   Skills:
 - Level 1.7 Dodging
 - Level 1.7 Stealth
 + Level 2.9 Spellcasting
   Level 0.8 Conjurations
 - Level 5.0 Ice Magic


You had 5 spell levels left.
You knew the following spells:

 Your Spells              Type           Power        Failure   Level  Hunger
a - Freeze                Ice            ###.         1%          1    None
g - Ozocubu's Armour      Chrm/Ice       ##......     16%         3    ###....


Dungeon Overview and Level Annotations

Branches:
Dungeon (3/15)


Innate Abilities, Weirdness & Mutations

You have an increased reservoir of magic. (+10% MP)


Message History

Aiming: Freeze
Press: ? - help, Shift-Dir - straight line, f - big kobold
Aim: a big kobold, wielding a whip (moderately wounded)
You freeze the big kobold.
The big kobold is heavily wounded.
You feel sick. The big kobold hits you with a whip.
The big kobold hits you with a whip!
* * * LOW HITPOINT WARNING * * *
Casting: Freeze
Confirm with . or Enter, or press ? or * to list all spells.
Aiming: Freeze
Press: ? - help, Shift-Dir - straight line, f/p - big kobold
Aim: a big kobold, wielding a whip (heavily wounded)
Okay, then.
It was a potion of degeneration.
There was something very wrong with that liquid.
You feel weakened.
You feel dopey.
You feel clumsy.
* * * LOW HITPOINT WARNING * * *
You feel sick. The big kobold hits you with a whip.
You die...

#.#.#.#.# #. .#
#≈#≈#≈#≈# #≈ ≈#≈
≈# #≈#≈#≈#≈# #≈
≈#( ≈# #≈#≈#≈#≈#
≈#≈ (#≈ #≈≈≈#..≈#
≈.≈ ≈≈K ##≈###†##
#≈# #K# #)# #≈#
#≈# #.# #≈###≈#
#≈###≈# #≈≈≈.≈#
#.≈@K≈# ##≈.≈##
##≈≈)## #≈≈.#
#≈≈≈# #.≈≈# #...#
#.≈.## ##.≈≈#
#≈..≈## ##..≈≈#
#≈≈.≈≈#####≈.≈.≈#
##≈...≈≈≈≈≈.≈≈≈##
###.≈≈≈≈≈≈..###


You could see a big kobold.

Vanquished Creatures
  6 adders
  4 gnolls (D:2)
  An ooze (D:3)
  3 worms
  A dart slug (D:1)
  A leopard gecko (D:2)
  2 orcs (D:3)
  10 bats
  7 giant cockroaches
  8 goblins
  5 hobgoblins
  13 jackals
  2 quokkas
  5 frilled lizards
  13 kobolds
  10 rats
91 creatures vanquished.

Notes
Turn   | Place    | Note
-------+----------+-------------------------------------------
     0 | D:1      | Lasiace the Demigod Ice Elementalist began the quest for the Orb.
     0 | D:1      | Reached XP level 1. HP: 14/14 MP: 5/5
   172 | D:1      | Reached skill level 3 in Ice Magic
   393 | D:1      | Reached XP level 2. HP: 20/20 MP: 7/7
  1362 | D:2      | Reached skill level 4 in Ice Magic
  1362 | D:2      | Reached XP level 3. HP: 25/26 MP: 5/8
  1367 | D:2      | Learned a level 3 spell: Ozocubu's Armour
  1847 | D:2      | Reached XP level 4. HP: 33/33 MP: 6/9
  2254 | D:2      | Reached skill level 5 in Ice Magic
  2292 | D:2      | Found an ornate altar of the Wu Jian Council.
  2312 | D:2      | Found an ancient bone altar of Kikubaaqudgha.
  2391 | D:2      | Found an iron altar of Okawaru.
  2392 | D:2      | Found a hazy altar of Hepliaklqana.
  2392 | D:2      | Found a hide-covered altar of Uskayaw.
  2392 | D:2      | Found a shimmering altar of Xom.
  2400 | D:2      | Found a blossoming altar of Fedhas.
  2403 | D:2      | Found a radiant altar of Vehumet.
  2852 | D:3      | Reached XP level 5. HP: 30/38 MP: 11/11
  3054 | D:3      | Found a glowing drain.
  3187 | Sewer    | Entered a sewer
  3437 | Sewer    | Slain by a big kobold

Vault maps used:
D:1:      dpeg_arrival_signposts, corexii_leaking_fountain
D:2:      minitemple
D:3:      kennysheep_six_static_rooms, gup_sewer_entry_glass,
          grunt_qazlal_sundering
Sewer:    sewer_co_tree

Skill      XL: |  1  2  3  4 |
---------------+-------------+-----
Ice Magic      | 3 4 5 |  5.0
Spellcasting   | 2 |  2.9
Dodging        | |  1.7
Stealth        | |  1.7
Conjurations   | |  0.8

Action                   |  1- 3 |  4- 6 || total
-------------------------+-------+-------++-------
Melee: Dagger            |    29 |   103 ||   132
       Short sword       |    23 |       ||    23
Throw: Stone             |    97 |   114 ||   211
 Cast: Freeze            |    45 |    36 ||    81
       Ozocubu's Armour  |       |     4 ||     4
  Use: Potion            |       |     1 ||     1
 Stab: Sleeping          |     5 |     1 ||     6
  Eat: Chunk             |     4 |     5 ||     9
Armor: Robe              |    24 |    23 ||    47
Dodge: Dodged            |    56 |    50 ||   106

Table legend:
 A = Spawn XP
 B = Non-spawn XP
 C = Spawn XP percentage of total XP
 D = Spawn monster count
 E = Non-spawn monster count
 F = Spawn count percentage of total count
 G = Total turns spent on level
                    A         B        C        D         E        F      G
               +---------+---------+-------+---------+---------+-------+---------
         Total |       0 |     288 |   0.0 |       0 |      91 |   0.0 |  3437
               +---------+---------+-------+---------+---------+-------+---------
           D:1 |       0 |      32 |   0.0 |       0 |      19 |   0.0 |  1277
           D:2 |       0 |     162 |   0.0 |       0 |      44 |   0.0 |  1430
           D:3 |       0 |      84 |   0.0 |       0 |      23 |   0.0 |   480
         Sewer |       0 |      10 |   0.0 |       0 |       5 |   0.0 |   250
               +---------+---------+-------+---------+---------+-------+---------
